 Dungeon Crawl Stone Soup version 0.27.1-33-g824d729ab1 (webtiles) character file.

Game seed: 18278812538407849462

30 SirFleras the Grave Robber (level 3, 0/29 HPs)
             Began as a Hill Orc Necromancer on Nov 29, 2021.
             Slain by a kobold (4 damage)
             ... on level 2 of the Dungeon.
             The game lasted 00:13:10 (1484 turns).

SirFleras the Grave Robber (Hill Orc Necromancer)   Turns: 1484, Time: 00:13:10

Health: 0/29       AC:  2    Str: 10    XL:     3   Next: 20%
Magic:  0/5        EV: 12    Int: 16    God:
Gold:   17         SH:  0    Dex: 11    Spells: 3/5 levels left

rFire    . . .     SeeInvis .   b - +0 dagger
rCold    . . .     Faith    .   (no shield)
rNeg     . . .     Spirit   .   a - +0 robe
rPois    .         Reflect  .   (no helmet)
rElec    .         Harm     .   (no cloak)
rCorr    .         Rampage  .   (no gloves)
Will     .....                  (no boots)
Stlth    ++........             (no amulet)
HPRegen  0.09/turn              (no ring)
MPRegen  0.09/turn              (no ring)

@: attractive
A: no striking features
a: no special abilities


You were on level 2 of the Dungeon.
You visited 1 branch of the dungeon, and saw 2 of its levels.

You collected 17 gold pieces.

Inventory:

Hand Weapons
 b - a +0 dagger (weapon)
 f - a +0 hunting sling
Missiles
 j - a stone
Armour
 a - a +0 robe (worn)
Potions
 g - a potion of heal wounds
 h - a potion of brilliance {unknown}


   Skills:
 * Level 2.0 Fighting
 + Level 1.9 Dodging
 - Level 1.5 Stealth
 + Level 1.8 Spellcasting
 + Level 4.2 Necromancy


You had 3 spell levels left.
You knew the following spells:

 Your Spells              Type           Power      Damage    Failure   Level
a - Pain                  Necr           56%        1d6       3%          1
b - Animate Skeleton      Necr           28%        N/A       3%          1

Your spell library contained the following spells:

 Spells                   Type           Power      Damage    Failure   Level
 Vampiric Draining        Necr           7%         2d7       11%         3
 Animate Dead             Necr           7%         N/A       36%         4
 Agony                    Necr           14%        N/A       71%         5


Dungeon Overview and Level Annotations

Branches:
Dungeon (2/15)

Altars:


Message History

It was a potion of heal wounds.
You feel much better. The endoplasm freezes you.
You are frozen.
The worm is pulled toward you!
You hit the endoplasm.
The endoplasm is moderately wounded.
The endoplasm completely misses you.
Casting: Pain (safe; 3% risk of failure)
Confirm with . or Enter, or press ? or * to list all spells.
Aiming: Pain (safe; 3% risk of failure)
Press: ? - help, Shift-Dir - straight line, f - endoplasm, p - kobold
Aim: an endoplasm (moderately wounded, chance to affect: 85%)
The endoplasm writhes in agony.
The worm bites you. The endoplasm hits you.
You hit the endoplasm.
You kill the endoplasm!
The worm barely misses you.
Your Fighting skill increases to level 2!
Casting: Pain (safe; 3% risk of failure)
Confirm with . or Enter, or press ? or * to list all spells.
You don't have enough magic to cast this spell.
You hit the kobold.
The kobold is heavily wounded.
The kobold closely misses you.
You barely miss the kobold.
The kobold is heavily wounded.
The kobold hits you with a +0 short sword.
The worm bites you!
* * * LOW HITPOINT WARNING * * *
You closely miss the kobold.
The kobold is heavily wounded.
The kobold hits you with a +0 short sword.
* * * LOW HITPOINT WARNING * * *
You miss the kobold.
The kobold is heavily wounded.
The kobold hits you with a +0 short sword.
* * * LOW HITPOINT WARNING * * *
The worm closely misses you.
You miss the kobold.
The kobold is heavily wounded.
The kobold hits you with a +0 short sword.
You die...

.. #.. . .# #.# ..
..#.# # ... #.#.# .#
....#.#.##.##
#.#.........#
#.....>)....# #K# #
#@# .# #w###.## # .#
#.##...#.# ...#
#...#.#.. ...b.##..#..
## #>..#.#.##.#
#.##.#).###..#######
#.......###........#
####.##..#..######.###


You could see a worm and a kobold.

Vanquished Creatures
  An adder (D:1)
  2 bats
  4 endoplasms
  2 giant cockroaches (D:1)
  2 goblins
  A kobold (D:1)
  A quokka (D:1)
  2 ball pythons (D:1)
  2 frilled lizards (D:1)
17 creatures vanquished.

Vanquished Creatures (collateral kills)
  A giant cockroach (D:1)
1 creature vanquished.

Grand Total: 18 creatures vanquished

Notes
Turn   | Place    | Note
-------+----------+-------------------------------------------
     0 | D:1      | SirFleras the Hill Orc Necromancer began the quest for the
                  | Orb.
     0 | D:1      | Reached XP level 1. HP: 14/14 MP: 3/3
     2 | D:1      | Learned a level 1 spell: Animate Skeleton
   481 | D:1      | Reached skill level 1 in Fighting
   481 | D:1      | Reached XP level 2. HP: 20/23 MP: 1/4
   808 | D:1      | Found a faded altar of an unknown god.
  1151 | D:1      | Reached XP level 3. HP: 10/29 MP: 1/5
  1484 | D:2      | Slain by a kobold

Illustrated notes

Levels and vault maps discovered:
D:1:      dpeg_arrival_tiny_i, layout_loops_cross,
          hellmonk_ecumenical_altar_pennies_from_heaven
D:2:      layout_loops_ring, uniq_crazy_yiuf_cottage, uniq_sigmund

Skill      XL: |  1  2  3 |
---------------+----------+-----
Fighting       | 1 2 |  2.0
Dodging        | |  1.9
Stealth        | |  1.5
Spellcasting   | |  1.8
Necromancy     | |  4.2

Action                   || total
-------------------------++-------
Melee: Dagger            ||    18
 Cast: Pain              ||    38
       Animate Skeleton  ||     5
  Use: Scroll            ||     2
       Potion            ||     3
 Stab: Sleeping          ||     3
Armor: Robe              ||     5
Dodge: Dodged            ||    25
